 Dungeon Crawl Stone Soup version 0.26-a0-1139-g7d2dc893a1 (webtiles) character file.

Game seed: 13893603345108705596

74 night the Chucker (level 4, -2/42 HPs)
             Began as a Troll Hunter on Dec 21, 2020.
             Slain by Grinder (6 damage)
             ... on level 3 of the Dungeon.
             The game lasted 00:03:45 (1954 turns).

night the Chucker (Troll Hunter)                    Turns: 1954, Time: 00:03:46

Health: -2/42      AC:  7    Str: 20    XL:     4   Next: 9%
Magic:  3/3        EV: 10    Int:  8    God:
Gold:   115        SH:  0    Dex: 10    Spells: 3/3 levels left

rFire    . . .     SeeInvis .     - Unarmed
rCold    . . .     Faith    .   (no shield)
rNeg     . . .     Spirit   .   b - +0 robe
rPois    .         Reflect  .   (helmet restricted)
rElec    .         Harm     .   l - +0 cloak
rCorr    .         Rampage  .   (gloves unavailable)
Will     .....                  (boots unavailable)
Stlth    +.........             e - amulet of regeneration
HPRegen  0.94/turn              (no ring)
MPRegen  0.08/turn              (no ring)

@: no status effects
A: large, unfitting armour, claws 3, regeneration 1, shaggy fur 1, tough skin 3
a: no special abilities


You were on level 3 of the Dungeon.
You visited 1 branch of the dungeon, and saw 3 of its levels.

You collected 115 gold pieces.

Inventory:

Missiles
 c - 5 large rocks (quivered)
 d - 2 throwing nets
 f - 116 stones
 g - 16 poisoned darts
Armour
 b - a +0 robe (worn)
 l - a +0 cloak (worn)
Jewellery
 e - an amulet of regeneration (around neck)
Scrolls
 a - a scroll of amnesia {unknown}
 h - 2 scrolls of random uselessness {unknown}
 i - 2 scrolls of magic mapping {unknown}
 n - 2 scrolls of identify {unknown}
 q - a scroll of remove curse {unknown}
 s - a scroll of enchant weapon {unknown}
 t - a scroll of teleportation {unknown}
Potions
 j - a potion of lignification {unknown}
 k - 2 potions of degeneration {unknown}
 m - a potion of attraction {unknown}
 o - a potion of curing {unknown}
 p - a potion of heal wounds {unknown}
 r - 3 potions of mutation {unknown}


   Skills:
 + Level 2.2 Fighting
 + Level 4.0 Throwing
 - Level 1.5 Dodging
 - Level 0.3 Stealth
 * Level 2.5 Unarmed Combat


You had 3 spell levels left.
You didn't know any spells.
Your spell library was empty.

Dungeon Overview and Level Annotations

Branches:
Dungeon (3/15)

Altars:

Annotations:
D:3 Grinder


Innate Abilities, Weirdness & Mutations

You are too large for most types of armour.
You have claws for hands.
Your natural rate of healing is unusually fast.
You are covered in fur. (AC +1)
You have extremely tough skin. (AC +3)


Message History

Grinder gestures at you.
You suddenly lose the ability to move!
Grinder gestures at you. You resist with significant effort. Grinder hits you.
Grinder gestures at you. Pain shoots through your body! Grinder hits you!
You writhe in agony.
Grinder hits you!
* * * LOW HITPOINT WARNING * * *
Grinder hits you but does no damage. Grinder gestures at you.
You barely resist.
You can move again.
You scratch Grinder.
Grinder is severely wounded.
Grinder hits you.
* * * LOW HITPOINT WARNING * * *
You writhe in agony.
You die...

#####...##
.........#
####....##
#...##
###># #.#
##'##
##...##
#..@..#
#...5...#
#.........#
+.........+
#.........#
##.......##
##.....##
##...##


You could see Grinder.

Vanquished Creatures
  2 adders (D:2)
  An ooze (D:1)
  3 leopard geckos
  3 orcs (D:3)
  A giant cockroach (D:2)
  7 goblins
  2 hobgoblins
  2 ball pythons
  10 bats
  5 frilled lizards
  9 kobolds
  2 rats (D:1)
47 creatures vanquished.

Vanquished Creatures (others)
  9 fungi (D:1)
9 creatures vanquished.

Grand Total: 56 creatures vanquished

Notes
Turn   | Place    | Note
-------+----------+-------------------------------------------
     0 | D:1      | night the Troll Hunter began the quest for the Orb.
     0 | D:1      | Reached XP level 1. HP: 19/19 MP: 0/0
   187 | D:1      | Reached skill level 1 in Unarmed Combat
   289 | D:1      | Reached XP level 2. HP: 28/28 MP: 1/1
   630 | D:1      | Reached skill level 2 in Fighting
   689 | D:1      | Reached XP level 3. HP: 35/35 MP: 2/2
  1017 | D:1      | Reached skill level 2 in Unarmed Combat
  1588 | D:2      | Reached skill level 4 in Throwing
  1834 | D:3      | Reached XP level 4. HP: 42/42 MP: 3/3
  1927 | D:3      | Noticed Grinder
  1946 | D:3      | Paralysed by Grinder for 7 turns
  1951 | D:3      | HP: 6/42 [Grinder (10)]
  1954 | D:3      | Slain by Grinder

Illustrated notes

Levels and vault maps discovered:
D:1:      scummos_arrival_checkerplants, layout_basic
D:2:      layout_loops_ring, minmay_pentomino_v2
D:3:      layout_loops_corners, lemuel_doored_altar, lightli_sewer_entry_pipes,
          uniq_grinder

Skill      XL: |  1  2  3 |
---------------+----------+-----
Unarmed Combat | 1 2 |  2.5
Fighting       | 2 |  2.2
Throwing       | 4 |  4.0
Dodging        | |  1.5
Stealth        | |  0.3

Action                   |  1- 3 |  4- 6 || total
-------------------------+-------+-------++-------
Melee: Short sword       |    54 |       ||    54
       Unarmed           |    80 |    19 ||    99
       Punch             |       |     1 ||     1
 Stab: Sleeping          |     2 |       ||     2
Armor: Robe              |    63 |     4 ||    67
Dodge: Dodged            |    80 |     4 ||    84

Table legend: (Time is in decaauts)
 A = Elapsed time spent in this place.
 B = Non-inter-level travel time spent in this place.
 C = Inter-level travel time spent in this place.
 D = Time resting spent in this place.
 E = Time spent auto-exploring this place.
 F = Levels seen in this place.
 G = Mean time per level.
                   A        B        C        D        E       F      G
               +--------+--------+--------+--------+--------+-----+--------+
         Total |   1955 |   1820 |    135 |      0 |   1474 |   3 |  651.7 |
       Dungeon |   1955 |   1820 |    135 |      0 |   1474 |   3 |  651.7 |
               +--------+--------+--------+--------+--------+-----+--------+

Top non-repeatable levels by time:
     D:1: 1114 daAuts
     D:2: 657 daAuts
     D:3: 184 daAuts
